 Dungeon Crawl Stone Soup version 0.28.0-53-g5a82cb258f (webtiles) character file.

Game seed: 16973974342617453520

590 ILmort the Conjurer (level 7, -5/51 HPs)
             Began as a Gnoll Conjurer on Aug 20, 2022.
             Killed by nerve-wracking pain
             ... invoked by Menkaure
              (13 damage)
             ... on level 5 of the Dungeon.
             The game lasted 00:14:32 (4744 turns).

ILmort the Conjurer (Gnoll Conjurer)                Turns: 4744, Time: 00:14:33

Health: -5/51      AC:  4    Str:  6    XL:     7   Next: 39%
Magic:  14/15      EV: 12    Int: 19    God:
Gold:   216        SH:  0    Dex: 11    Spells: 14/17 levels left

rFire   . . .      SeeInvis .   d - +1 dagger (elec)
rCold   . . .      Faith    .   (no shield)
rNeg    . . .      Spirit   .   q - +0 leather armour
rPois   .          Reflect  .   p - +0 helmet
rElec   .          Harm     .   (no cloak)
rCorr   .          Rampage  .   (no gloves)
Will    .....                   (no boots)
Stlth   ++........              t - amulet of magic regeneration
HPRegen 0.17/turn               (no ring)
MPRegen 0.54/turn               (no ring)

@: attractive, hasted, very quick
A: fangs 1, strong nose, distributed training
a: no special abilities


You were on level 5 of the Dungeon.
You visited 1 branch of the dungeon, and saw 5 of its levels.

You collected 216 gold pieces.

Inventory:

Hand Weapons
 c - a +0 whip
 d - a +1 dagger of electrocution (weapon)
 h - a +0 whip of venom
Missiles
 l - 64 stones (quivered)
 u - 4 silver javelins
Armour
 a - a +0 robe
 n - a +0 chain mail
 p - a +0 helmet (worn)
 q - a +0 leather armour (worn)
Jewellery
 t - an amulet of magic regeneration (around neck)
 w - a ring of protection from fire
Wands
 s - a wand of flame (11)
 x - a wand of polymorph (9)
Scrolls
 b - a scroll of brand weapon {unknown}
 e - a scroll of teleportation {unknown}
 f - 2 scrolls of vulnerability {unknown}
 i - a scroll of fear {unknown}
 k - a scroll of immolation {unknown}
 m - a scroll of noise {unknown}
 r - a scroll of enchant weapon {unknown}
 v - a scroll of blinking {unknown}
Potions
 g - a potion of attraction
 j - a potion of haste
 o - 2 potions of flight {unknown}


   Skills:
 + Level 2.4 Fighting
 + Level 2.4 Short Blades
 + Level 2.4 Long Blades
 + Level 2.4 Axes
 + Level 2.4 Maces & Flails
 + Level 2.4 Polearms
 + Level 2.4 Staves
 + Level 2.4 Slings
 + Level 2.4 Bows
 + Level 2.4 Crossbows
 + Level 2.4 Throwing
 + Level 2.4 Armour
 + Level 5.2 Dodging
 + Level 4.9 Stealth
 + Level 2.4 Shields
 + Level 2.4 Unarmed Combat
 + Level 5.6 Spellcasting
 + Level 7.4 Conjurations
 + Level 2.0 Hexes
 + Level 2.0 Summonings
 + Level 2.0 Necromancy
 + Level 2.0 Translocations
 + Level 2.0 Transmutations
 + Level 2.0 Fire Magic
 + Level 2.0 Ice Magic
 + Level 2.0 Air Magic
 + Level 2.0 Earth Magic
 + Level 2.0 Poison Magic
 + Level 2.7 Invocations
 + Level 2.4 Evocations


You had 14 spell levels left.
You knew the following spells:

 Your Spells              Type           Power      Damage    Failure   Level
a - Magic Dart            Conj           100%       1d8       1%          1
b - Searing Ray           Conj           66%        2d6       1%          2

Your spell library contained the following spells:

 Spells                   Type           Power      Damage    Failure   Level
 Dazzling Flash           Conj/Hex       46%        N/A       8%          3
 Fulminant Prism          Conj/Hex       11%        3d9       26%         4
 Iskenderun's Mystic Bla  Conj/Tloc      23%        2d6       26%         4


Dungeon Overview and Level Annotations

Branches:
Dungeon (5/15)
 Temple: D:4-7

Altars:
Yredelemnul
Zin

Shops:
D:4 *

Annotations:
D:5 Menkaure


Innate Abilities, Weirdness & Mutations

You have very sharp teeth.
Your uncanny sense of smell can sniff out nearby items.
Your experience applies equally to all skills.


Message History

Your Translocations skill increases to level 2!
Your Transmutations skill increases to level 2!
Your Fire Magic skill increases to level 2!
Your Ice Magic skill increases to level 2!
Your Air Magic skill increases to level 2!
Your Earth Magic skill increases to level 2!
Your Poison Magic skill increases to level 2!
You start resting.
You start resting.
l - 60 stones (gained 1)
Things that are here:
a +0 dagger; a +0 robe; an orc corpse
l - 61 stones (gained 1)
l - 62 stones (gained 1)
l - 64 stones (gained 2)
You now have 216 gold pieces (gained 17).
Menkaure, Prince of Dust comes into view.
Menkaure shouts!
Casting: Searing Ray (safe; 1% risk of failure)
Aiming: Magic Dart (safe; 1% risk of failure)
Aim: Menkaure (100% to hit)
The magic dart hits Menkaure.
Menkaure calls on the powers of darkness!
Your body is wracked with pain!
Okay, then.
It was a potion of attraction.
You feel attractive to monsters.
Menkaure mumbles some strange words.
Menkaure seems to speed up.
Menkaure is attracted toward you.
Casting: Magic Dart (safe; 1% risk of failure)
Aiming: Searing Ray (safe; 1% risk of failure)
Aim: Menkaure (moderately damaged, fast, 91% to hit)
The searing ray hits Menkaure. (Press . to maintain the ray.) Menkaure hits you!!
* * * LOW HITPOINT WARNING * * *
It was a potion of haste.
You feel yourself speed up. Menkaure casts a spell at you.
Pain shoots through your body!
You die...

### ###.....##....
##..##.......#.....
#...###............
#...##....##..#...
##..........##.##..
#..##.)...)##..#...
##.##......##......
####..##......#.......
#...M@............##..
#...§..#........##..##..
...#.###.......## ..##..
. # #...##...# ..#...
#...#####.#........
#.....∆ .........#.
......# .........#>
#.....## ............
...... #.......


You could see Menkaure (fast).

Vanquished Creatures
  Sigmund (D:5)
  A water moccasin (D:5)
  An ogre (D:3)
  A hound (D:4)
  A centaur skeleton (D:4)
  An orc wizard (D:5)
  3 gnolls (D:4)
  3 adders
  2 ufetubi
  2 dart slugs
  3 orcs
  8 ball pythons
  8 bats
  8 endoplasms
  2 giant cockroaches
  11 goblins
  9 hobgoblins
  6 jackals
  4 quokkas
  A frilled lizard (D:3)
  14 kobolds
  A rat (D:2)
91 creatures vanquished.

Notes
Turn   | Place    | Note
-------+----------+-------------------------------------------
     0 | D:1      | ILmort the Gnoll Conjurer began the quest for the Orb.
     0 | D:1      | Reached XP level 1. HP: 13/13 MP: 6/6
   129 | D:1      | Reached XP level 2. HP: 19/19 MP: 3/7
   479 | D:1      | Found a faded altar of an unknown god.
   737 | D:1      | Reached XP level 3. HP: 25/25 MP: 6/9
   739 | D:1      | Reached skill level 5 in Spellcasting
  1070 | D:1      | Reached skill level 1 in Invocations
  1477 | D:2      | Reached skill level 1 in Fighting
  1477 | D:2      | Reached skill level 1 in Short Blades
  1477 | D:2      | Reached skill level 1 in Long Blades
  1477 | D:2      | Reached skill level 1 in Axes
  1477 | D:2      | Reached skill level 1 in Maces & Flails
  1477 | D:2      | Reached skill level 1 in Polearms
  1477 | D:2      | Reached skill level 1 in Staves
  1477 | D:2      | Reached skill level 1 in Slings
  1477 | D:2      | Reached skill level 1 in Bows
  1477 | D:2      | Reached skill level 1 in Crossbows
  1477 | D:2      | Reached skill level 1 in Throwing
  1477 | D:2      | Reached skill level 1 in Armour
  1477 | D:2      | Reached skill level 1 in Shields
  1477 | D:2      | Reached skill level 1 in Unarmed Combat
  1477 | D:2      | Reached skill level 1 in Evocations
  1629 | D:2      | Reached XP level 4. HP: 32/32 MP: 8/11
  2132 | D:2      | Reached skill level 1 in Hexes
  2132 | D:2      | Reached skill level 1 in Summonings
  2132 | D:2      | Reached skill level 1 in Necromancy
  2132 | D:2      | Reached skill level 1 in Translocations
  2132 | D:2      | Reached skill level 1 in Transmutations
  2132 | D:2      | Reached skill level 1 in Fire Magic
  2132 | D:2      | Reached skill level 1 in Ice Magic
  2132 | D:2      | Reached skill level 1 in Air Magic
  2132 | D:2      | Reached skill level 1 in Earth Magic
  2132 | D:2      | Reached skill level 1 in Poison Magic
  2221 | D:3      | Found a basalt altar of Yredelemnul.
  2309 | D:3      | Found a glowing silver altar of Zin.
  2339 | D:3      | Noticed an ogre
  2345 | D:3      | Killed an ogre
  2346 | D:3      | Reached XP level 5. HP: 37/37 MP: 4/12
  2516 | D:3      | Learned a level 2 spell: Searing Ray
  3987 | D:4      | Reached XP level 6. HP: 44/44 MP: 9/13
  4077 | D:4      | Found Plog's Gadget Gallery.
  4152 | D:4      | Reached skill level 5 in Dodging
  4345 | D:5      | Entered Level 5 of the Dungeon
  4528 | D:5      | Noticed Sigmund
  4536 | D:5      | Killed Sigmund
  4537 | D:5      | Reached XP level 7. HP: 42/50 MP: 9/15
  4739 | D:5      | Noticed Menkaure
  4744 | D:5      | Killed from afar by Menkaure

Illustrated notes

Levels and vault maps discovered:
D:1:      minmay_arrival_radiant_lines, layout_basic,
          ebering_ecumenical_altar_hall
D:2:      layout_rooms, dk_noncrumbling_2, minivault_25
D:3:      layout_basic, mainiacjoe_overflow_catch_the_wave, skrybe_limestone_x,
          minmay_misc_feat_five, serial_park_tiny_2, serial_bayou_pond_d
D:4:      layout_cave_pods, nicolae_shop_gadgets
D:5:      layout_cave_pools, nemelex_xobeh_ov_fountains_minmay, uniq_edmund,
          uniq_menkaure, uniq_sigmund

Skill      XL: |  1  2  3  4  5  6  7 |
---------------+----------------------+-----
Spellcasting   | 5 |  5.6
Invocations    | 1 2 |  2.7
Fighting       | 1 2 |  2.4
Short Blades   | 1 2 |  2.4
Long Blades    | 1 2 |  2.4
Axes           | 1 2 |  2.4
Maces & Flails | 1 2 |  2.4
Polearms       | 1 2 |  2.4
Staves         | 1 2 |  2.4
Slings         | 1 2 |  2.4
Bows           | 1 2 |  2.4
Crossbows      | 1 2 |  2.4
Throwing       | 1 2 |  2.4
Armour         | 1 2 |  2.4
Shields        | 1 2 |  2.4
Unarmed Combat | 1 2 |  2.4
Evocations     | 1 2 |  2.4
Hexes          | 1 2 |  2.0
Summonings     | 1 2 |  2.0
Necromancy     | 1 2 |  2.0
Translocations | 1 2 |  2.0
Transmutations | 1 2 |  2.0
Fire Magic     | 1 2 |  2.0
Ice Magic      | 1 2 |  2.0
Air Magic      | 1 2 |  2.0
Earth Magic    | 1 2 |  2.0
Poison Magic   | 1 2 |  2.0
Dodging        | 5 |  5.2
Stealth        | |  4.9
Conjurations   | |  7.4

Action                   |  1- 3 |  4- 6 |  7- 9 || total
-------------------------+-------+-------+-------++-------
Melee: Unarmed           |     3 |       |       ||     3
       Dagger            |     4 |     6 |     5 ||    15
       Bite              |     1 |       |       ||     1
Throw: Stone             |       |     7 |     5 ||    12
 Cast: Magic Dart        |    77 |    94 |     8 ||   179
       Searing Ray       |       |     8 |     5 ||    13
  Use: Potion            |       |       |     2 ||     2
Armor: Robe              |     1 |     2 |       ||     3
       Leather armour    |       |     4 |     3 ||     7
Dodge: Dodged            |     9 |     7 |     3 ||    19
